 Dungeon Crawl Stone Soup version 0.27-a0-1219-g958d993ae5 (webtiles) character file.

Game seed: 18263187129266794822

268 freelancePsychic the Poker (level 6, -3/50 HPs)
             Began as a Palentonga Abyssal Knight on June 7, 2021.
             Was a Believer of Lugonu.
             Slain by a gnoll
             ... wielding a +0 halberd
              (12 damage)
             ... on level 3 of the Dungeon.
             The game lasted 00:04:06 (2483 turns).

freelancePsychic the Poker (PaAK)                   Turns: 2483, Time: 00:04:07

Health: -3/50      AC:  6    Str: 17    XL:     6   Next: 0%
Magic:  7/7        EV:  8    Int: 12    God:    Lugonu [**....]
Gold:   149        SH:  0    Dex: 10    Spells: 5/5 levels left

rFire    . . .     SeeInvis +   a - +1 spear
rCold    . . .     Faith    .   (no shield)
rNeg     . . .     Spirit   .   d - +0 ring mail
rPois    .         Reflect  .   (no helmet)
rElec    .         Harm     .   f - +0 cloak
rCorr    .         Rampage  .   (no gloves)
Will     .....                  (no barding)
Stlth    ..........             (no amulet)
HPRegen  0.16/turn              (no ring)
MPRegen  0.10/turn              (no ring)

@: no status effects
A: large, rugged brown scales 3, see invisible, deformed body, roll 1, armoured
tail
a: Rolling Charge, Renounce Religion, Depart the Abyss, Bend Space


You were on level 3 of the Dungeon.
You worshipped Lugonu.
Lugonu was pleased with you.
You visited 1 branch of the dungeon, and saw 3 of its levels.
You visited the Abyss 1 time.

You collected 149 gold pieces.

Inventory:

Hand Weapons
 a - a +1 spear (weapon)
Armour
 b - a +0 leather armour
 d - a +0 ring mail (worn)
 f - a +0 cloak (worn)
Jewellery
 c - a ring of positive energy
Scrolls
 g - a scroll of blinking {unknown}
 h - 2 scrolls of enchant armour {unknown}
 i - a scroll of identify {@r1}
 k - a scroll of noise {unknown}
 m - a scroll of vulnerability {unknown}
Potions
 e - a potion of curing {@q1}
 j - a potion of magic {unknown}
 l - 2 potions of brilliance {unknown}


   Skills:
 - Level 3.0 Fighting
 * Level 5.8 Polearms
 - Level 1.5 Armour
 - Level 0.7 Dodging
 - Level 2.0 Invocations


You had 5 spell levels left.
You didn't know any spells.
Your spell library contained the following spells:

 Spells                   Type           Power      Damage    Failure   Level
 Animate Skeleton         Necr           0%         N/A       52%         1
 Apportation              Tloc           0%         N/A       52%         1
 Corona                   Hex            0%         N/A       52%         1
 Summon Small Mammal      Summ           0%         N/A       52%         1


Dungeon Overview and Level Annotations

Branches:
Dungeon (3/15)

Altars:


Innate Abilities, Weirdness & Mutations

You are completely covered in rugged brown scales. (AC +3, +7% HP)
You have supernaturally acute eyesight. (SInv)
Armour fits poorly on your strangely shaped body.
You can roll at nearby foes to attack.
You have a long armoured tail.


Message History

The gnoll closely misses you.
The gnoll hits you from afar with a +0 halberd.
A quokka comes into view.
Found a hardcover book.
Found a stone staircase leading up.
The gnoll hits you but does no damage.
You roll forward with a clatter of scales!
You hit the gnoll.
The gnoll is heavily wounded.
The gnoll hits you with a +0 halberd!
The gnoll hits you from afar with a +0 halberd.
You hit the gnoll.
The gnoll is severely wounded.
The gnoll barely misses you. The gnoll hits you but does no damage.
You closely miss the gnoll.
The gnoll is severely wounded.
The gnoll closely misses you. x2
You barely miss the gnoll. You tail-slap the gnoll.
The gnoll is severely wounded.
The gnoll hits you with a +0 halberd.
You hit the gnoll.
You kill the gnoll!
Lugonu accepts your kill. The gnoll hits you but does no damage.
You have reached level 6!
Your experience leads to an increase in your attributes!
Increase (S)trength, (I)ntelligence, or (D)exterity?
You feel stronger.
You see here a rat corpse.
You roll forward with a clatter of scales!
You closely miss the gnoll. The gnoll hits you with a +0 halberd!
You are too injured to fight recklessly!
You hit the gnoll.
The gnoll is moderately wounded.
The gnoll hits you with a +0 halberd!
You hit the gnoll.
Your tail-slap misses the gnoll.
The gnoll is heavily wounded.
The gnoll hits you with a +0 halberd!
* * * LOW HITPOINT WARNING * * *
The gnoll hits you from afar with a +0 halberd!
You die...

##### #...#
#.#.#
########
####.#@#
#......#
#....#.#
#......#
#.####g#
##......###.#
#S#
.'.....>...^#
#r#
##...>..#####
#g# ##......#
#.# #########
#.# # ###†#


You could see 2 gnolls, an adder and a quokka.

Vanquished Creatures
  Sigmund (D:2)
  A gnoll (D:3)
  5 adders
  A howler monkey skeleton (D:3)
  A worm (D:2)
  2 dart slugs
  A bat (D:2)
  4 endoplasms
  3 giant cockroaches
  3 goblins
  2 hobgoblins (D:3)
  5 jackals (D:2)
  7 kobolds
  3 quokkas (D:1)
  2 ball pythons
  4 frilled lizards
  6 rats
51 creatures vanquished.

Vanquished Creatures (others)
  A frilled lizard (D:1)
1 creature vanquished.

Grand Total: 52 creatures vanquished

Notes
Turn   | Place    | Note
-------+----------+-------------------------------------------
     0 | Abyss:1  | freelancePsychic the Palentonga Abyssal Knight began the
                  | quest for the Orb.
     0 | Abyss:1  | Reached XP level 1. HP: 19/19 MP: 2/2
    58 | Abyss:1  | Noticed a profane servitor
    59 | D:1      | Escaped the Abyss
    94 | D:1      | Found a faded altar of an unknown god.
   154 | D:1      | Reached skill level 2 in Polearms
   230 | D:1      | Reached XP level 2. HP: 20/25 MP: 3/3
   310 | D:1      | Reached * piety under Lugonu
   834 | D:2      | Reached skill level 3 in Polearms
   904 | D:2      | Reached XP level 3. HP: 16/31 MP: 4/4
  1692 | D:2      | Reached XP level 4. HP: 37/37 MP: 5/5
  1695 | D:2      | Reached skill level 4 in Polearms
  1795 | D:2      | Noticed Sigmund
  1991 | D:2      | Killed Sigmund
  1992 | D:2      | Reached skill level 5 in Polearms
  1992 | D:2      | Reached XP level 5. HP: 43/43 MP: 6/6
  2232 | D:3      | Reached ** piety under Lugonu
  2466 | D:3      | Reached XP level 6. HP: 36/50 MP: 7/7
  2483 | D:3      | Slain by a gnoll

Illustrated notes

Levels and vault maps discovered:
D:1:      ncdulo_lavacross, layout_basic, chequers_ecumenical_altar_simple,
          minmay_circled_x
D:2:      layout_rooms, uniq_sigmund
D:3:      layout_basic

Skill      XL: |  1  2  3  4 |
---------------+-------------+-----
Polearms       | 2 3 5 |  5.8
Fighting       | |  3.0
Armour         | |  1.5
Dodging        | |  0.7
Invocations    | |  2.0

Action                   |  1- 3 |  4- 6 || total
-------------------------+-------+-------++-------
Melee: Spear             |   107 |    59 ||   166
       Tailslap          |    14 |     7 ||    21
       Unarmed           |       |    10 ||    10
Invok: Depart the Abyss  |     1 |       ||     1
 Abil: Rolling Charge    |    25 |    17 ||    42
  Use: Scroll            |     1 |       ||     1
       Potion            |       |     1 ||     1
Armor: Leather armour    |    32 |     8 ||    40
       Skin              |       |     7 ||     7
       Ring mail         |       |     4 ||     4
Dodge: Dodged            |    39 |    24 ||    63

Table legend: (Time is in decaauts)
 A = Elapsed time spent in this place.
 B = Non-inter-level travel time spent in this place.
 C = Inter-level travel time spent in this place.
 D = Time resting spent in this place.
 E = Time spent auto-exploring this place.
 F = Levels seen in this place.
 G = Mean time per level.
                   A        B        C        D        E       F      G
               +--------+--------+--------+--------+--------+-----+--------+
         Total |   2471 |   2397 |     74 |      0 |   2030 |   4 |  617.8 |
       Dungeon |   2412 |   2338 |     74 |      0 |   1974 |   3 |  804.0 |
         Abyss |     59 |     59 |      0 |      0 |     56 |   1 |   59.0 |
               +--------+--------+--------+--------+--------+-----+--------+

Top non-repeatable levels by time:
     D:2: 1250 daAuts
     D:1: 798 daAuts
     D:3: 364 daAuts
 Abyss:1: 59 daAuts
